 Dungeon Crawl Stone Soup version 0.28-a0-1241-gf280a0fbb2 (webtiles) character file.

Game seed: 13969976103665315160

3399 HessuHobo the Arsonist (level 10, -1/78 HPs)
             Began as an Ogre Fire Elementalist on Dec 26, 2021.
             Was a Follower of Hepliaklqana.
             Succumbed to barbed spike wounds
             ... on level 12 of the Dungeon.
             The game lasted 00:28:25 (11756 turns).

HessuHobo the Arsonist (Ogre Fire Elementalist)    Turns: 11756, Time: 00:28:25

Health: -1/78      AC:  5    Str: 14    XL:     10   Next: 4%
Magic:  15/16      EV: 14    Int: 20    God:    Hepliaklqana [*.....]
Gold:   450        SH:  0    Dex: 15    Spells: 11/17 levels left

rFire   . . .      SeeInvis .   C - +2 dagger (venom)
rCold   . . .      Faith    .   (no shield)
rNeg    + . .      Spirit   .   s - +2 robe {rN+}
rPois   .          Reflect  .   (helmet restricted)
rElec   .          Harm     .   (no cloak)
rCorr   .          Rampage  .   (gloves unavailable)
Will    .....                   (boots unavailable)
Stlth   ++........              t - amulet of the acrobat
HPRegen 0.23/turn               x - +4 ring of evasion
MPRegen 0.15/turn               z - +6 ring of dexterity

@: weak-willed, spiked
A: reduced essence, large, unfitting armour, tough skin 1
a: Renounce Religion, Recall Ancestor, Ancestor Identity


You were on level 12 of the Dungeon.
You worshipped Hepliaklqana.
Hepliaklqana was aware of your devotion.
You visited 2 branches of the dungeon, and saw 11 of its levels.

You collected 450 gold pieces.

Inventory:

Hand Weapons
 f - a +0 hunting sling
 r - a +1 dagger of draining
 C - a +2 dagger of venom (weapon)
 L - a +0 battleaxe of venom
 M - a +5 spectral hand axe
Missiles
 j - 220 stones
 o - 37 poisoned darts
 B - a throwing net
Armour
 s - a +2 robe of positive energy (worn)
Jewellery
 n - a ring of see invisible
 t - an amulet of the acrobat (around neck)
 x - a +4 ring of evasion (left hand)
 z - a +6 ring of dexterity (right hand)
 A - a +4 ring of slaying
 K - a ring of positive energy
Wands
 q - a wand of iceblast (8)
 y - a wand of acid (24)
 E - a wand of digging (2)
 F - a wand of charming (5)
 G - a wand of polymorph (11)
Scrolls
 g - a scroll of brand weapon
 H - 2 scrolls of holy word
Potions
 c - a potion of haste {unknown}
 e - 6 potions of curing
 h - a potion of magic
 i - a potion of resistance {unknown}
 k - 2 potions of brilliance {unknown}
 l - 2 potions of flight
 m - 3 potions of heal wounds {unknown}
 p - a potion of lignification {unknown}
 v - a potion of ambrosia {unknown}
 w - a potion of attraction {unknown}


   Skills:
 - Level 2.0 Fighting
 - Level 1.7 Dodging
 - Level 3.0 Stealth
 - Level 4.0 Spellcasting
 - Level 8.0 Conjurations
 + Level 3.2 Necromancy
 - Level 8.0 Fire Magic
 + Level 3.3 Earth Magic


You had 11 spell levels left.
You knew the following spells:

 Your Spells              Type           Power      Damage    Failure   Level
a - Foxfire               Conj/Fire      100%       2x1d9     1%          1
b - Scorch                Fire           72%        2d8       1%          2
c - Conjure Flame         Conj/Fire      36%        6-21      1%          3

Your spell library contained the following spells:

 Spells                   Type           Power      Damage    Failure   Level
 Animate Skeleton         Necr           32%        N/A       3%          1
 Sandblast                Erth           34%        2d9       3%          1
 Stone Arrow              Conj/Erth      52%        3d10      3%          3
 Flame Wave               Conj/Fire      36%        2d7       4%          4
 Inner Flame              Hex/Fire       20%        N/A       8%          3
 Passwall                 Tmut/Erth      8%         N/A       10%         2
 Apportation              Tloc           8%         N/A       13%         1
 Beastly Appendage        Tmut           8%         N/A       13%         1
 Summon Small Mammal      Summ           16%        N/A       13%         1
 Wereblood                Tmut           4%         N/A       19%         2
 Gell's Gravitas          Tloc           4%         N/A       36%         3
 Lesser Beckoning         Tloc           4%         N/A       36%         3
 Spider Form              Tmut/Pois      4%         N/A       36%         3
 Teleport Other           Tloc           4%         N/A       36%         3
 Animate Armour           Summ/Erth      20%        N/A       54%         4
 Cause Fear               Hex            2%         N/A       77%         4
 Discord                  Hex            2%         N/A       100%        8
 Lehudib's Crystal Spear  Conj/Erth      13%        10d4      100%        8


Dungeon Overview and Level Annotations

Branches:
Dungeon (9/15)             Temple (1/1) D:7             Orc (0/2) D:12
   Lair: D:8-11

Altars:
Ashenzari
Cheibriados
Dithmenos
Fedhas
Gozag
Hepliaklqana
Kikubaaqudgha
Makhleb
Nemelex Xobeh
Okawaru
Qazlal
Ru
Sif Muna
Trog
Uskayaw
Wu Jian
Yredelemnul
Zin

Annotations:
D:5 exclusion: upstairs
D:7 4 runed translucent doors


Innate Abilities, Weirdness & Mutations

Your life essence is reduced to manifest your ancestor. (-10% HP)
You are too large for most types of armour.
You have tough skin. (AC +1)


Message History

The orc wizard shouts!
The orc looks frightened! x2; The orc priest looks frightened!
The slime creature looks frightened!
The troll looks frightened!
The cyan ugly thing looks frightened!
The manticore looks frightened!
You hear a shout!
The orc looks petrified.
As you read the scroll labelled QULUET FUMOMEA, it crumbles to dust.
Your body is wracked with pain!
* * * LOW HITPOINT WARNING * * *
The orc convulses! x3; The orc priest convulses!
The orc convulses!
The manticore convulses!
The troll convulses!
The orc convulses!
The cyan ugly thing convulses!
The purple ugly thing convulses!
It was a scroll of torment.
Nomusa hits the manticore but does no damage.
As you read the scroll labelled KYSIHOO YSOUNE, it crumbles to dust.
The scroll dissolves into smoke.
It was a scroll of fog.
The orc warrior closely misses you.
Nomusa resists with significant effort.
The troll looks desperately for an escape route.
The orc wizard gestures wildly while chanting.
The orc wizard flickers and vanishes!
Okay, then.
Okay, then.
The barbed spikes dig painfully into your body as you move.
* * * LOW HITPOINT WARNING * * *
You can't see any enemies this would affect, really read the scroll of holy word?
Okay, then.
It was a potion of magic.
Magic courses through your body.
The orc warrior hits you but does no damage.
The orc barely misses you.
Okay, then.
Casting: Conjure Flame (safe; 1% risk of failure)
Confirm with . or Enter, or press ? or * to list all spells.
You conjure some foxfire!
The orc warrior hits you from afar with a +0 glaive!
* * * LOW HITPOINT WARNING * * *
The orc hits you with a +0 club.
* * * LOW HITPOINT WARNING * * *
The barbed spikes dig painfully into your body as you move.
You die...

,,,,,,,....o.......H.###,*,*
,,,,,,,...o........H....,*,*
,,,,,**#o..o.........###,*,*
,,,,,,,o.....oo.R......#,,,*
,,,,,,,oooo...§.§....#.#,,,*
**,,,,,,o...##o§§§...#,*,,,*
**,,,,**..,,*#ooR§...#,*,*>*
,,,,,,*#.....o§§v....#,*,***
,,,,,,,......§§v@§...#,*,*
*,**,*,#########.#.#.#,*,*
*,,,^,,,,,,,,,,....#...*,*
**************####.#*##*,*
*..,,,,,* **##*****


You could see the friendly Nomusa the ancestor (weak-willed), a manticore
(weak-willed) and 2 orcs.

Vanquished Creatures
  A cyclops (D:7)
  Sigmund (D:3)
  Duvessa (D:4)
  An orc warrior (D:8)
  3 sky beasts
  An ice beast (D:5)
  A black bear (D:6)
  A necrophage (D:5)
  2 ogres (D:7)
  2 centaurs (D:7)
  2 kobold brigands
  A phantom (D:6)
  2 bullfrogs
  2 scorpions
  Dowan (D:4)
  9 wights
  A centaur zombie (D:8)
  2 orc priests
  A gnoll shaman (D:6)
  4 hounds
  Jessica (D:3)
  2 centaur skeletons
  Ijyb (D:3)
  4 iguanas
  6 orc wizards
  A killer bee zombie (D:7)
  11 adders
  9 gnolls
  A shadow imp (D:6)
  A white imp (D:6)
  An adder skeleton (D:4)
  5 worms
  4 dart slugs
  27 orcs
  3 bats
  7 endoplasms
  7 goblins
  8 hobgoblins
  8 jackals
  2 quokkas
  9 ball pythons
  5 frilled lizards
  19 kobolds
  3 rats
184 creatures vanquished.

Vanquished Creatures (collateral kills)
  A foxfire (D:1)
1 creature vanquished.

Vanquished Creatures (others)
  405 foxfires
  7 plants (D:6)
412 creatures vanquished.

Grand Total: 597 creatures vanquished

Notes
Turn   | Place    | Note
-------+----------+-------------------------------------------
     0 | D:1      | HessuHobo the Ogre Fire Elementalist began the quest for
                  | the Orb.
     0 | D:1      | Reached XP level 1. HP: 16/16 MP: 3/3
   325 | D:1      | Reached skill level 1 in Conjurations
   416 | D:1      | Found a faded altar of an unknown god.
   429 | D:1      | Reached XP level 2. HP: 25/26 MP: 1/5
   555 | D:1      | Reached skill level 1 in Fighting
   784 | D:1      | Reached XP level 3. HP: 11/33 MP: 2/7
  1325 | D:1      | Learned a level 2 spell: Scorch
  2037 | D:2      | Reached XP level 4. HP: 42/42 MP: 5/8
  2361 | D:3      | Noticed Sigmund
  2416 | D:3      | Noticed Jessica
  2449 | D:3      | Killed Jessica
  3098 | D:3      | Killed Sigmund
  3099 | D:3      | Reached XP level 5. HP: 49/49 MP: 4/10
  3099 | D:3      | Reached XP level 6. HP: 57/57 MP: 4/11
  3890 | D:3      | Noticed Ijyb
  4711 | D:4      | Noticed Dowan
  4711 | D:4      | Noticed Duvessa
  4716 | D:5      | Entered Level 5 of the Dungeon
  5000 | D:5      | Reached XP level 7. HP: 65/65 MP: 5/13
  5121 | D:5      | Found a stormy altar of Qazlal.
  5342 | D:5      | Found a hazy altar of Hepliaklqana.
  5359 | D:5      | Reached skill level 5 in Fire Magic
  6015 | D:5      | Reached XP level 8. HP: 72/72 MP: 5/14
  6622 | D:4      | Reached skill level 5 in Conjurations
  6810 | D:4      | Killed Duvessa
  6814 | D:4      | Killed Dowan
  6934 | D:3      | Killed Ijyb
  7679 | D:6      | Found an ornate altar of the Wu Jian Council.
  8773 | D:6      | Reached XP level 9. HP: 79/79 MP: 0/15
  8976 | D:7      | Noticed a polar bear
  8976 | D:7      | Noticed a polar bear
  8976 | D:7      | Found a huge runed translucent gate.
  8977 | D:7      | Found a huge runed translucent gate.
  8977 | D:7      | Found a huge runed translucent gate.
  8977 | D:7      | Found a huge runed translucent gate.
  8977 | D:7      | Noticed a polar bear
  8977 | D:7      | Noticed a polar bear
  8978 | D:7      | Noticed a manticore
  9079 | D:7      | Found a sacrificial altar of Ru.
  9218 | D:7      | Noticed a cyclops
  9355 | D:7      | Found a staircase to the Ecumenical Temple.
  9361 | Temple   | Entered the Ecumenical Temple
  9476 | Temple   | Became a worshipper of Hepliaklqana the Forgotten
  9765 | D:7      | Learned a level 3 spell: Conjure Flame
  9930 | D:7      | Killed a cyclops
  9931 | D:7      | Reached skill level 1 in Necromancy
  9931 | D:7      | Reached skill level 1 in Earth Magic
 11017 | D:8      | Reached XP level 10. HP: 87/87 MP: 11/16
 11740 | D:9      | You fall into a shaft and drop 3 floors!
 11740 | D:12     | Noticed a cyclops
 11740 | D:12     | Noticed a manticore
 11740 | D:12     | Reached * piety under Hepliaklqana
 11747 | D:12     | Noticed a cyan ugly thing
 11748 | D:12     | Noticed a purple ugly thing
 11755 | D:12     | HP: 3/78 [orc warrior (15)]
 11755 | D:12     | HP: 1/78 [orc (2)]
 11756 | D:12     | Succumbed to barbed spike wounds

Illustrated notes

Levels and vault maps discovered:
D:1:      dpeg_arrival_houses_and_road, layout_basic,
          hellmonk_ecumenical_altar_arch_garden, serial_bayou_lake_a
D:2:      layout_basic
D:3:      layout_basic, nicolae_wormholes, uniq_sigmund, uniq_ijyb, uniq_jessica
D:4:      layout_gridville, minmay_misc_feat_enclosed, uniq_duvessa
D:5:      layout_loops_corners, wad_floor_pattern_untrapped,
          hangedman_feature_mirror, hangedman_decor_slide_cut,
          minmay_misc_feat_rugged
D:6:      corexii_shack_village, layout_rooms, pdpol_wu_jian_five_deadly_venoms,
          serial_corexii_hall, corexii_hall_statues_i, corexii_hall_statues_s
D:7:      lemuel_bear_cage, layout_rooms, mainiacjoe_overflow_paths,
          temple_green
D:8:      layout_rooms, moated_statue
D:9:      layout_basic, vehumet_statue, uniq_joseph
D:12:     layout_basic, erik_orc_4, lightli_corner_chamber
Temple:   lightli_temple_of_artemis

Skill      XL: |  1  2  3  4  5  6  7  8  9 10 |
---------------+-------------------------------+-----
Conjurations   | 1 2 3 4 6 7 8 |  8.0
Fighting       | 1 2 |  2.0
Fire Magic     | 3 4 5 7 8 |  8.0
Spellcasting   | 3 4 |  4.0
Stealth        | 2 3 |  3.0
Necromancy     | 2 3 |  3.2
Earth Magic    | 2 3 |  3.3
Dodging        | |  1.7

Action                   |  1- 3 |  4- 6 |  7- 9 | 10-12 || total
-------------------------+-------+-------+-------+-------++-------
Melee: War axe           |    30 |       |       |       ||    30
       Dagger            |     9 |    54 |    38 |     3 ||   104
 Cast: Foxfire           |    40 |    43 |   167 |    10 ||   260
       Scorch            |     7 |    40 |    97 |     6 ||   150
       Conjure Flame     |       |       |     1 |     2 ||     3
  Use: Scroll            |       |       |     2 |     9 ||    11
       Potion            |       |       |       |     1 ||     1
 Stab: Sleeping          |       |     1 |       |       ||     1
Armor: Robe              |    19 |    28 |    21 |     5 ||    73
Dodge: Dodged            |    30 |    25 |    73 |     5 ||   133

Table legend: (Time is in decaauts)
 A = Elapsed time spent in this place.
 B = Non-inter-level travel time spent in this place.
 C = Inter-level travel time spent in this place.
 D = Time resting spent in this place.
 E = Time spent auto-exploring this place.
 F = Levels seen in this place.
 G = Mean time per level.
                   A        B        C        D        E       F      G
               +--------+--------+--------+--------+--------+-----+--------+
         Total |  11812 |  11273 |    539 |   5092 |   4312 |  11 | 1073.8 |
       Dungeon |  11677 |  11155 |    522 |   5092 |   4231 |  10 | 1167.7 |
        Temple |    135 |    118 |     17 |      0 |     81 |   1 |  135.0 |
               +--------+--------+--------+--------+--------+-----+--------+

Top non-repeatable levels by time:
     D:5: 1781 daAuts
     D:1: 1699 daAuts
     D:3: 1681 daAuts
     D:4: 1495 daAuts
     D:8: 1382 daAuts
     D:6: 1347 daAuts
     D:7: 1169 daAuts
     D:2: 1072 daAuts
  Temple: 135 daAuts
     D:9: 31 daAuts
    D:12: 15 daAuts
